 Dungeon Crawl Stone Soup version 0.29-a0-419-g77450f2105 (webtiles) character file.

Game seed: 1158785846586545616

14396 Ijustatesigmund the Thaumaturge (level 12, -4/91 HPs)
             Began as a Gnoll Fire Elementalist on May 18, 2022.
             Was an Elder of Cheibriados.
             Slain by a cane toad simulacrum (7 damage)
             ... in an ice cave.
             The game lasted 00:33:38 (13943 turns).

Ijustatesigmund the Thaumaturge (GnFE)             Turns: 13943, Time: 00:33:39

Health: -4/91      AC:  7    Str: 22    XL:     12   Next: 16%
Magic:  9/24       EV: 24    Int: 29    God:    Cheibriados [****..]
Gold:   485        SH:  9    Dex: 39    Spells: 21/28 levels left

rFire   + . .      SeeInvis .   e - +10 war axe "Qakiso" {vamp, *Corrode Will+ Str+4 Dex+4}
rCold   + . .      Faith    .   p - +0 buckler
rNeg    . . .      Spirit   .   c - +1 robe {rC+ rF+}
rPois   .          Reflect  .   u - +0 helmet
rElec   .          Harm     .   o - +1 cloak
rCorr   .          Rampage  .   (no gloves)
Will    +....                   (no boots)
Stlth   +++++.....              (no amulet)
HPRegen 0.25/turn               d - +6 ring of dexterity
MPRegen 0.19/turn               m - +6 ring of dexterity

@: very slow
A: fangs 1, strong nose, distributed training
a: Renounce Religion, Bend Time, Temporal Distortion, Slouch


You were in an ice cave.
You worshipped Cheibriados.
Cheibriados was greatly pleased with you.
You visited 3 branches of the dungeon, and saw 13 of its levels.
You also visited: Ice Cave.

You collected 769 gold pieces.
You spent 284 gold pieces at shops.

Inventory:

Hand Weapons
 a - a +3 spear of electrocution
 e - the +10 war axe "Qakiso" (weapon) {vamp, *Corrode Will+ Str+4 Dex+4}
   (You found it on level 4 of the Dungeon)

   It occasionally heals its wielder for a portion of the damage dealt when it
   wounds a living foe.
   Str:       It affects your strength (+4).
   Dex:       It affects your dexterity (+4).
   *Corrode:  It may corrode you when you take damage.
   Will:      It increases your willpower.
 A - a +3 morningstar of freezing
Armour
 c - a +1 robe of resistance (worn)
 n - +0 steam dragon scales
 o - a +1 cloak (worn)
 p - a +0 buckler (worn)
 u - a +0 helmet (worn)
Jewellery
 d - a +6 ring of dexterity (left hand)
 m - a +6 ring of dexterity (right hand)
 y - a ring of positive energy
Wands
 g - a wand of iceblast (1)
 s - a wand of flame (11)
 C - a wand of acid (9)
Scrolls
 h - 3 scrolls of enchant weapon
 j - a scroll of teleportation
 t - a scroll of magic mapping
 v - a scroll of identify
 B - 2 scrolls of amnesia
Potions
 b - 3 potions of magic
 f - 4 potions of flight
 i - 3 potions of lignification
 k - 2 potions of attraction
 l - 3 potions of curing
 r - a potion of might
 w - a potion of mutation
 z - a potion of cancellation
 D - a potion of resistance
Miscellaneous
 E - a phial of floods


   Skills:
 + Level 7.0 Fighting
 + Level 7.0 Short Blades
 + Level 7.0 Long Blades
 + Level 7.0 Axes
 + Level 7.0 Maces & Flails
 + Level 7.0 Polearms
 + Level 7.0 Staves
 + Level 7.0 Slings
 + Level 7.0 Bows
 + Level 7.0 Crossbows
 + Level 7.0 Throwing
 + Level 7.0 Armour
 + Level 8.5 Dodging
 + Level 8.2 Stealth
 + Level 7.0 Shields
 + Level 7.0 Unarmed Combat
 + Level 8.7 Spellcasting
 + Level 6.2 Conjurations
 + Level 5.8 Hexes
 + Level 5.8 Summonings
 + Level 5.8 Necromancy
 + Level 5.8 Translocations
 + Level 5.8 Transmutations
 + Level 8.1 Fire Magic
 + Level 5.8 Ice Magic
 + Level 5.8 Air Magic
 + Level 5.8 Earth Magic
 + Level 5.8 Poison Magic
 + Level 7.7 Invocations
 + Level 7.0 Evocations


You had 21 spell levels left.
You knew the following spells:

 Your Spells              Type           Power      Damage    Failure   Level
a - Foxfire               Conj/Fire      100%       2x1d9     1%          1
b - Scorch                Fire           100%       2d10      1%          2
c - Flame Wave            Conj/Fire      53%        2d11      2%          4

Your spell library contained the following spells:

 Spells                   Type           Power      Damage    Failure   Level
 Ensorcelled Hibernation  Hex/Ice        92%        N/A       1%          2
 Static Discharge         Conj/Air       47%        N/A       1%          2
 Sublimation of Blood     Necr           46%        N/A       1%          2
 Conjure Flame            Conj/Fire      53%        6-21      1%          3
 Dazzling Flash           Conj/Hex       94%        N/A       1%          3
 Gell's Gravitas          Tloc           46%        N/A       1%          3
 Inner Flame              Hex/Fire       52%        N/A       1%          3
 Spider Form              Tmut/Pois      46%        N/A       1%          3
 Swiftness                Air            46%        N/A       1%          3
 Teleport Other           Tloc           46%        N/A       1%          3
 Anguish                  Hex/Necr       23%        N/A       4%          4
 Cause Fear               Hex            23%        N/A       4%          4
 Petrify                  Tmut/Erth      46%        N/A       4%          4
 Summon Lightning Spire   Summ/Air       46%        N/A       4%          4
 Irradiate                Conj/Tmut      23%        3d21      13%         5
 Agony                    Necr           46%        N/A       14%         5
 Silence                  Hex/Air        23%        N/A       14%         5
 Dispersal                Tloc           23%        N/A       58%         6
 Dragon Form              Tmut           23%        N/A       99%         7
 Dragon's Call            Summ           23%        N/A       100%        9


Dungeon Overview and Level Annotations

Branches:
Dungeon (11/15)            Temple (1/1) D:4            Lair (1/6) D:9
    Orc (0/2) D:10          IceCv (1/1)

Altars:
Ashenzari
Cheibriados
Dithmenos
Elyvilon
Fedhas
Gozag
Hepliaklqana
Kikubaaqudgha
Makhleb
Nemelex Xobeh
Okawaru
Qazlal
Ru
Sif Muna
Trog
Uskayaw
Vehumet
Wu Jian
Xom
Yredelemnul
Zin
The Shining One

Shops:
D:4 [**[   D:9 [   D:10 (

Annotations:
D:10 4 runed translucent doors IceCv exclusion: ice statue


Innate Abilities, Weirdness & Mutations

You have very sharp teeth.
Your uncanny sense of smell can sniff out nearby items.
Your experience applies equally to all skills.


Message History

(Press . to intensify the flame waves.)
The ice beast closely misses you.
A wave of flame ripples out!
The flame wave engulfs the ice beast!
The ice beast melts!
You kill the ice beast!
The ice beast disappears in a puff of smoke!
You start resting.
A cane toad simulacrum comes into view.
Okay, then.
Okay, then.
Unknown command.
Okay, then.
Casting: Flame Wave (dangerous; 2% risk of failure)
Confirm with . or Enter, or press ? or * to list all spells.
You conjure some foxfire!
The foxfire hits the cane toad simulacrum.
The cane toad simulacrum melts!
The cane toad simulacrum is lightly damaged.
The foxfire hits the cane toad simulacrum but does no damage.
The cane toad simulacrum is lightly damaged.
Casting: Foxfire (safe; 1% risk of failure)
Confirm with . or Enter, or press ? or * to list all spells.
Flames lash the cane toad simulacrum.
The cane toad simulacrum melts!
The cane toad simulacrum is severely damaged.
The cane toad simulacrum's fire resistance burns away.
Casting: Scorch (safe; 1% risk of failure)
Confirm with . or Enter, or press ? or * to list all spells.
Flames lash the cane toad simulacrum.
The cane toad simulacrum melts!
The cane toad simulacrum is almost destroyed.
The cane toad simulacrum hits you but does no damage.
Casting: Scorch (safe; 1% risk of failure)
Confirm with . or Enter, or press ? or * to list all spells.
Flames lash the cane toad simulacrum.
The cane toad simulacrum is almost destroyed.
You block the cane toad simulacrum's attack.
An ice devil comes into view.
The cane toad simulacrum hits you!
* * * LOW HITPOINT WARNING * * *
The cane toad simulacrum freezes you! You resist.
You die...

#### #####...##
## ##........##
.#.###..........#
4...#..........##
#...............#
#............#
#.Z........#
###@#....#8#
####..## #..##
##..## ##..#
##...# ##...##
#...## #...##


You could see an ice devil and a cane toad simulacrum (combustible).

Vanquished Creatures
  2 boulder beetles
  3 two-headed ogres
  A lindwurm (D:10)
  The ghost of Majang the Magician, a novice KoIE of Vehumet (D:7)
  A deep elf pyromancer (D:11)
  Joseph (D:10)
  A black mamba (Lair:1)
  An ice statue (IceCv)
  A komodo dragon (D:10)
  Psyche (D:9)
  An ice devil (IceCv)
  4 trolls
  2 hornets (D:9)
  Prince Ribbit (D:9)
  A wraith (D:9)
  Sigmund (D:3)
  12 yaks
  A basilisk (D:9)
  A wyvern (D:9)
  A steam dragon (D:4)
  3 vampire mosquitoes (D:10)
  An acid dragon (D:10)
  2 water moccasins
  4 orc warriors (D:10)
  3 black bears
  An ice beast (D:7)
  A sky beast (D:7)
  The ghost of fly the Grave Robber, an amateur DDNe (D:3)
  An ogre (D:5)
  3 centaurs
  A phantom (D:5)
  4 kobold brigands
  5 bullfrogs
  2 two-headed ogre simulacra (IceCv)
  A scorpion (D:5)
  4 wights
  14 killer bees
  An elephant simulacrum (IceCv)
  4 quasits (D:7)
  3 orc priests
  2 hounds
  A jelly (D:5)
  3 iguanas
  Jessica (D:3)
  6 orc wizards
  A troll simulacrum (IceCv)
  2 spriggan simulacra (IceCv)
  7 gnolls (D:4)
  14 adders
  2 naga simulacra (IceCv)
  5 white imps
  3 ufetubi
  4 worms
  33 orcs
  11 endoplasms
  4 giant cockroaches
  6 goblins
  4 hobgoblins
  8 jackals
  43 kobolds
  3 quokkas
  7 ball pythons
  3 bats
  6 frilled lizards
  7 rats
283 creatures vanquished.

Vanquished Creatures (collateral kills)
  4 foxfires
4 creatures vanquished.

Vanquished Creatures (others)
  2 kobolds (D:9)
  116 foxfires
  A fungus (D:9)
  26 plants
145 creatures vanquished.

Grand Total: 432 creatures vanquished

Notes
Turn   | Place    | Note
-------+----------+-------------------------------------------
     0 | D:1      | Ijustatesigmund the Gnoll Fire Elementalist began the quest
                  | for the Orb.
     0 | D:1      | Reached XP level 1. HP: 13/13 MP: 6/6
    63 | D:1      | Reached XP level 2. HP: 2/19 MP: 3/7
    66 | D:1      | Learned a level 2 spell: Scorch
  1021 | D:2      | Reached XP level 3. HP: 22/25 MP: 9/9
  1060 | D:2      | Found a hazy altar of Hepliaklqana.
  1092 | D:2      | Reached skill level 5 in Spellcasting
  1390 | D:2      | Reached skill level 1 in Invocations
  1516 | D:2      | Reached skill level 1 in Fighting
  1516 | D:2      | Reached skill level 1 in Short Blades
  1516 | D:2      | Reached skill level 1 in Long Blades
  1516 | D:2      | Reached skill level 1 in Axes
  1516 | D:2      | Reached skill level 1 in Maces & Flails
  1516 | D:2      | Reached skill level 1 in Polearms
  1516 | D:2      | Reached skill level 1 in Staves
  1516 | D:2      | Reached skill level 1 in Slings
  1516 | D:2      | Reached skill level 1 in Bows
  1516 | D:2      | Reached skill level 1 in Crossbows
  1516 | D:2      | Reached skill level 1 in Throwing
  1516 | D:2      | Reached skill level 1 in Armour
  1516 | D:2      | Reached skill level 1 in Shields
  1516 | D:2      | Reached skill level 1 in Unarmed Combat
  1516 | D:2      | Reached skill level 1 in Evocations
  1712 | D:2      | Reached XP level 4. HP: 32/32 MP: 11/11
  1942 | D:2      | Reached skill level 1 in Hexes
  1942 | D:2      | Reached skill level 1 in Summonings
  1942 | D:2      | Reached skill level 1 in Necromancy
  1942 | D:2      | Reached skill level 1 in Translocations
  1942 | D:2      | Reached skill level 1 in Transmutations
  1942 | D:2      | Reached skill level 1 in Ice Magic
  1942 | D:2      | Reached skill level 1 in Air Magic
  1942 | D:2      | Reached skill level 1 in Earth Magic
  1942 | D:2      | Reached skill level 1 in Poison Magic
  2559 | D:3      | Reached XP level 5. HP: 37/37 MP: 10/12
  2715 | D:3      | Learned a level 4 spell: Flame Wave
  2829 | D:3      | Noticed Jessica
  2833 | D:3      | Killed Jessica
  2879 | D:3      | Found a faded altar of an unknown god.
  2922 | D:3      | Noticed Sigmund
  2924 | D:3      | Killed Sigmund
  2925 | D:3      | Reached skill level 5 in Dodging
  2925 | D:3      | Reached XP level 6. HP: 44/44 MP: 14/14
  3497 | D:3      | Found a runed translucent door.
  3498 | D:3      | Noticed fly's ghost (amateur DDNe)
  4009 | D:3      | Killed fly's ghost
  4010 | D:3      | Reached XP level 7. HP: 50/50 MP: 15/15
  4025 | D:4      | Found Uxtaagell's General Store.
  4349 | D:4      | Found a staircase to the Ecumenical Temple.
  4370 | D:4      | Identified the +10 war axe "Qakiso" {vamp, *Corrode Will+
                  | Str+4 Dex+4}
  4379 | D:4      | Got the Collected Works on Gliding Illusion
  4902 | D:4      | Found Ekkuox's Antique Armour Shoppe.
  4910 | D:4      | Bought a buckler for 117 gold pieces
  4946 | D:4      | Found Heotusall's General Store.
  4955 | D:4      | Bought a scroll of identify for 24 gold pieces
  4955 | D:4      | Bought a scroll of identify for 24 gold pieces
  5155 | D:4      | Reached skill level 5 in Stealth
  5195 | D:4      | Noticed a steam dragon
  5211 | D:4      | Killed a steam dragon
  5212 | D:4      | Reached XP level 8. HP: 30/57 MP: 16/16
  5457 | D:4      | Found Moare's Armour Boutique.
  5461 | D:4      | Bought a potion of heal wounds for 70 gold pieces
  5482 | D:5      | Entered Level 5 of the Dungeon
  6873 | D:6      | Noticed a two-headed ogre
  6878 | D:6      | Killed a two-headed ogre
  6879 | D:6      | Reached XP level 9. HP: 65/65 MP: 18/18
  7252 | D:4      | Bought a scroll of magic mapping for 49 gold pieces
  8316 | Temple   | Entered the Ecumenical Temple
  8862 | Temple   | Became a worshipper of Cheibriados the Contemplative
  9065 | D:7      | Found a transporter.
  9068 | D:7      | Noticed Majang's ghost (novice KoIE)
  9098 | D:7      | Killed Majang's ghost
  9099 | D:7      | Reached skill level 5 in Invocations
  9101 | D:7      | Found a transporter.
  9394 | D:7      | Found a hide-covered altar of Uskayaw.
  9396 | D:7      | Found a burning altar of Makhleb.
  9396 | D:7      | Found a radiant altar of Vehumet.
  9396 | D:7      | Found a broken altar of Ashenzari.
  9396 | D:7      | Found an ancient bone altar of Kikubaaqudgha.
  9397 | D:7      | Found a glowing silver altar of Zin.
  9406 | D:7      | Noticed a boulder beetle
  9442 | D:7      | Killed a boulder beetle
  9443 | D:7      | Reached skill level 5 in Fighting
  9443 | D:7      | Reached skill level 5 in Short Blades
  9443 | D:7      | Reached skill level 5 in Long Blades
  9443 | D:7      | Reached skill level 5 in Axes
  9443 | D:7      | Reached skill level 5 in Maces & Flails
  9443 | D:7      | Reached skill level 5 in Polearms
  9443 | D:7      | Reached skill level 5 in Staves
  9443 | D:7      | Reached skill level 5 in Slings
  9443 | D:7      | Reached skill level 5 in Bows
  9443 | D:7      | Reached skill level 5 in Crossbows
  9443 | D:7      | Reached skill level 5 in Throwing
  9443 | D:7      | Reached skill level 5 in Armour
  9443 | D:7      | Reached skill level 5 in Shields
  9443 | D:7      | Reached skill level 5 in Unarmed Combat
  9443 | D:7      | Reached skill level 5 in Evocations
  9443 | D:7      | Reached XP level 10. HP: 37/74 MP: 20/20
 10007 | D:8      | Reached * piety under Cheibriados
 10113 | D:8      | Identified the +0 scale mail of the Bells {rC+ Will+}
 10408 | D:8      | Noticed a moth of wrath
 10411 | D:8      | Found a bloodstained altar of Trog.
 10826 | D:9      | Noticed a two-headed ogre
 10835 | D:9      | Killed a two-headed ogre
 10836 | D:9      | Reached skill level 5 in Conjurations
 10876 | D:9      | Noticed Psyche
 10882 | D:9      | Reached ** piety under Cheibriados
 10897 | D:9      | Killed Psyche
 10898 | D:9      | Reached XP level 11. HP: 42/81 MP: 22/22
 10928 | D:9      | Found a staircase to the Lair.
 10937 | Lair:1   | Entered Level 1 of the Lair of Beasts
 11303 | D:9      | Reached skill level 5 in Hexes
 11303 | D:9      | Reached skill level 5 in Summonings
 11303 | D:9      | Reached skill level 5 in Necromancy
 11303 | D:9      | Reached skill level 5 in Translocations
 11303 | D:9      | Reached skill level 5 in Transmutations
 11303 | D:9      | Reached skill level 5 in Ice Magic
 11303 | D:9      | Reached skill level 5 in Air Magic
 11303 | D:9      | Reached skill level 5 in Earth Magic
 11303 | D:9      | Reached skill level 5 in Poison Magic
 11332 | D:9      | Noticed Prince Ribbit
 11341 | D:9      | Killed Prince Ribbit
 11345 | D:9      | Identified the +2 scimitar "Obloy" {speed, Fragile rPois
                  | rC+++ Will-}
 11361 | D:9      | Noticed a boulder beetle
 11396 | D:9      | Killed a boulder beetle
 11748 | D:9      | Paralysed by a hornet for 2 turns
 11833 | D:9      | Found a shimmering blue altar of Sif Muna.
 11833 | D:9      | Found a sparkling altar of Nemelex Xobeh.
 11869 | D:9      | Reached *** piety under Cheibriados
 12296 | D:9      | Found Ruafo's Antique Armour Shop.
 12481 | D:10     | Entered Level 10 of the Dungeon
 12505 | D:10     | Found a huge runed translucent gate.
 12505 | D:10     | Found a huge runed translucent gate.
 12505 | D:10     | Found a huge runed translucent gate.
 12505 | D:10     | Found a huge runed translucent gate.
 12686 | D:10     | Noticed Joseph
 12701 | D:10     | Killed Joseph
 12710 | D:10     | Found a staircase to the Orcish Mines.
 12718 | D:10     | Found Zoivioll's Weapon Emporium.
 12723 | D:10     | Reached **** piety under Cheibriados
 12939 | D:10     | Noticed a lindwurm
 12942 | D:10     | Noticed a lindwurm
 12942 | D:10     | Noticed a lindwurm
 12972 | D:10     | Noticed a lindwurm
 13170 | D:10     | Noticed a two-headed ogre
 13384 | D:10     | Killed a lindwurm
 13486 | D:10     | Killed a two-headed ogre
 13563 | D:10     | Reached XP level 12. HP: 89/89 MP: 24/24
 13621 | D:10     | Found an opulent altar of Gozag.
 13741 | D:11     | Found a frozen archway.
 13749 | IceCv    | Entered an ice cave
 13943 | IceCv    | HP: 3/91 [cane toad simulacrum (15)]
 13943 | IceCv    | Slain by a cane toad simulacrum

Illustrated notes

Levels and vault maps discovered:
D:1:      denvon_arrival_waterhouse, layout_rooms
D:2:      minmay_diamond_boxcup, layout_loops_cross, basic_altar,
          kennysheep_generic_room_16
D:3:      layout_loops_ring, hellmonk_ecumenical_altar_heavens_door,
          ebering_ghost_sewer_d, uniq_jessica, uniq_sigmund
D:4:      minmay_inner_zag, layout_rooms, minmay_temple_entry_statues_fountains,
          serial_shops, shop, nicolae_shop_stone, shop, shop,
          minmay_misc_feat_room
D:5:      kennysheep_kobold_camp, layout_loops_ring
D:6:      layout_basic
D:7:      layout_loops_corners, grunt_temple_overflow_open,
          gammafunk_ghost_stat_death
D:8:      layout_basic, tgw_trog
D:9:      layout_loops_ring, gammafunk_temple_overflow_wave, david_lair_generic,
          serial_shops, shop, corexii_corridor_pit, uniq_psyche,
          uniq_prince_ribbit1
D:10:     lemuel_bear_cage, layout_cave_pools, grunt_gozag_statues, orc_david_3,
          minmay_lindwurm_lava, uniq_joseph
D:11:     minmay_inside_and_out, layout_loops_corners,
          portal_ice_cave_entry_pillars_1, kennysheep_generic_room_11
Temple:   minmay_temple_forest_path
Lair:1:   layout_cave_pods, grunt_megastairs_3, uniq_nergalle
IceCv:    ice_cave_small_demon

Skill      XL: |  1  2  3  4  5  6  7  8  9 10 11 12 |
---------------+-------------------------------------+-----
Conjurations   | 2 3 4 5 6 |  6.2
Spellcasting   | 5 6 7 8 |  8.7
Invocations    | 1 2 3 4 5 6 7 |  7.7
Fighting       | 1 2 4 5 6 7 |  7.0
Short Blades   | 1 2 4 5 6 7 |  7.0
Long Blades    | 1 2 4 5 6 7 |  7.0
Axes           | 1 2 4 5 6 7 |  7.0
Maces & Flails | 1 2 4 5 6 7 |  7.0
Polearms       | 1 2 4 5 6 7 |  7.0
Staves         | 1 2 4 5 6 7 |  7.0
Slings         | 1 2 4 5 6 7 |  7.0
Bows           | 1 2 4 5 6 7 |  7.0
Crossbows      | 1 2 4 5 6 7 |  7.0
Throwing       | 1 2 4 5 6 7 |  7.0
Armour         | 1 2 4 5 6 7 |  7.0
Shields        | 1 2 4 5 6 7 |  7.0
Unarmed Combat | 1 2 4 5 6 7 |  7.0
Evocations     | 1 2 4 5 6 7 |  7.0
Hexes          | 1 2 3 4 5 |  5.8
Summonings     | 1 2 3 4 5 |  5.8
Necromancy     | 1 2 3 4 5 |  5.8
Translocations | 1 2 3 4 5 |  5.8
Transmutations | 1 2 3 4 5 |  5.8
Ice Magic      | 1 2 3 4 5 |  5.8
Air Magic      | 1 2 3 4 5 |  5.8
Earth Magic    | 1 2 3 4 5 |  5.8
Poison Magic   | 1 2 3 4 5 |  5.8
Dodging        | 5 6 7 8 |  8.5
Stealth        | 5 6 7 8 |  8.2
Fire Magic     | 6 7 8 |  8.1

Action                   |  1- 3 |  4- 6 |  7- 9 | 10-12 || total
-------------------------+-------+-------+-------+-------++-------
Melee: Spear             |    52 |    77 |    11 |       ||   140
       Bite              |     4 |     6 |    33 |    40 ||    83
       War axe           |       |       |   204 |   248 ||   452
 Cast: Foxfire           |    20 |    16 |    30 |     7 ||    73
       Scorch            |       |     7 |     2 |     7 ||    16
       Flame Wave        |       |     1 |     5 |    12 ||    18
Evoke: Wand              |       |     4 |     6 |    23 ||    33
  Use: Scroll            |       |    10 |     6 |     9 ||    25
       Potion            |       |     3 |     6 |     3 ||    12
 Stab: Sleeping          |     8 |    11 |     5 |     8 ||    32
       Distracted        |       |       |       |     2 ||     2
Armor: Robe              |     6 |     9 |    13 |     3 ||    31
       Steam dragon scal |       |       |    56 |    24 ||    80
Dodge: Dodged            |    19 |    46 |   203 |   236 ||   504
Block: Buckler           |       |       |    85 |   130 ||   215

Table legend: (Time is in decaauts)
 A = Elapsed time spent in this place.
 B = Non-inter-level travel time spent in this place.
 C = Inter-level travel time spent in this place.
 D = Time resting spent in this place.
 E = Time spent auto-exploring this place.
 F = Levels seen in this place.
 G = Mean time per level.
                   A        B        C        D        E       F      G
               +--------+--------+--------+--------+--------+-----+--------+
         Total |  15373 |  14577 |    796 |   3695 |   8354 |  14 | 1098.1 |
       Dungeon |  14209 |  13533 |    676 |   3247 |   7925 |  11 | 1291.7 |
        Temple |    613 |    493 |    120 |     49 |    408 |   1 |  613.0 |
          Lair |    340 |    340 |      0 |    279 |      0 |   1 |  340.0 |
      Ice Cave |    210 |    210 |      0 |    120 |     21 |   1 |  210.0 |
               +--------+--------+--------+--------+--------+-----+--------+

Top non-repeatable levels by time:
     D:2: 1899 daAuts
     D:9: 1751 daAuts
    D:10: 1558 daAuts
     D:3: 1536 daAuts
     D:5: 1473 daAuts
     D:6: 1362 daAuts
     D:7: 1327 daAuts
     D:8: 1099 daAuts
     D:4: 1097 daAuts
     D:1: 995 daAuts
  Temple: 613 daAuts
  Lair:1: 340 daAuts
   IceCv: 210 daAuts
    D:11: 109 daAuts
